TOP OF THE 1ST |
University of Maine Black Bears batting - Pitching for Oregon State University Beavers : RHP Wang-fen Ang
|
Pitching: RHP Wang-fen Ang
|
|
Batting: RHB Wang Huan
|
0-0: Ball 1-0: Foul Ball, location: 2F 1-1: Ball 2-1: Swinging Strike 2-2: Ball 3-2: Strikes out swinging
|
Batting: LHB Dave Aguilar
|
0-0: Ball 1-0: Swinging Strike 1-1: Swinging Strike 1-2: Strikes out swinging
|
Batting: LHB Seung Pack
|
0-0: Ball 1-0: Fly out, F7 (Flyball, 78M, EV 83.8 MPH)
|
Top of the 1st over - 0 runs, 0 hits, 0 errors, 0 left on base; University of Maine 0 - Oregon State University 0 |
BOTTOM OF THE 1ST |
Oregon State University Beavers batting - Pitching for University of Maine Black Bears : LHP Simone Richelmi
|
Pitching: LHP Simone Richelmi
|
|
Batting: RHB Lionello Pancaldi
|
0-0: Fly out, F8 (Flyball, 8LXD, EV 87.5 MPH)
|
Batting: SHB Jim Chute
|
0-0: Called Strike 0-1: Ball 1-1: Foul Ball, location: 2F 1-2: Ball 2-2: Foul Ball, location: 2F 2-2: Foul Ball, location: 2F 2-2: Fly out, F7 (Flyball, 78D, EV 83.1 MPH)
|
Batting: RHB Luis Flores
|
0-0: SOLO HOME RUN (Flyball, 7D, EV 97.5 MPH), Distance : 386 ft
|
Batting: RHB Rafael Ventura
|
0-0: Ball 1-0: Ground out 2-3 (Groundball, 13S, EV 70.0 MPH)
|
Bottom of the 1st over - 1 run, 1 hit, 0 errors, 0 left on base; University of Maine 0 - Oregon State University 1 |
TOP OF THE 2ND |
University of Maine Black Bears batting - Pitching for Oregon State University Beavers : RHP Wang-fen Ang
|
Batting: RHB Wang-fen Yang
|
0-0: Called Strike 0-1: Swinging Strike 0-2: Ball 1-2: Fly out, F9 (Flyball, 9D, EV 104.4 MPH)
|
Batting: SHB Mario Barajas
|
0-0: Called Strike 0-1: Ball 1-1: Ground out 5-3 (Groundball, 56S, EV 84.4 MPH)
|
Batting: LHB Osmo Leino
|
0-0: Ball 1-0: Fly out, F7 (Flyball, 7D, EV 102.5 MPH)
|
Top of the 2nd over - 0 runs, 0 hits, 0 errors, 0 left on base; University of Maine 0 - Oregon State University 1 |
BOTTOM OF THE 2ND |
Oregon State University Beavers batting - Pitching for University of Maine Black Bears : LHP Simone Richelmi
|
Batting: LHB Jon Hamilton
|
0-0: Ball 1-0: Called Strike 1-1: Foul Ball, location: 2F 1-2: Ball 2-2: Strikes out swinging
|
Batting: RHB Israel Soto
|
0-0: Ball 1-0: Ball 2-0: Called Strike 2-1: Fly out, F9 (Line Drive, 9, EV 106.9 MPH)
|
Batting: LHB Pablo Fraga
|
0-0: Called Strike 0-1: Ball 1-1: Foul Ball, location: 2F 1-2: Ball 2-2: Ball 3-2: Ground out U3 (Groundball, 3, EV 106.2 MPH)
|
Bottom of the 2nd over - 0 runs, 0 hits, 0 errors, 0 left on base; University of Maine 0 - Oregon State University 1 |
TOP OF THE 3RD |
University of Maine Black Bears batting - Pitching for Oregon State University Beavers : RHP Wang-fen Ang
|
Batting: LHB Ed Leighton
|
0-0: Ball 1-0: Called Strike 1-1: Swinging Strike 1-2: Strikes out swinging
|
Batting: RHB Tom Piersma
|
0-0: Fly out, F7 (Flyball, 7LM, EV 89.4 MPH)
|
Batting: SHB Ron Handford
|
0-0: Swinging Strike 0-1: SINGLE (Groundball, 4MD, EV 98.1 MPH)
|
Batting: RHB Wang Huan
|
0-0: Ground out 4-3 (Groundball, 4S, EV 80.0 MPH)
|
Top of the 3rd over - 0 runs, 1 hit, 0 errors, 1 left on base; University of Maine 0 - Oregon State University 1 |
BOTTOM OF THE 3RD |
Oregon State University Beavers batting - Pitching for University of Maine Black Bears : LHP Simone Richelmi
|
Batting: LHB Brock Darby
|
0-0: DOUBLE (Groundball, 3L, EV 105.6 MPH)
|
Batting: SHB Sosaia Apelahama
|
0-0: Called Strike 0-1: Ball 1-1: Called Strike 1-2: Ball 2-2: Ball 3-2: Strikes out looking
|
Batting: RHB Lionello Pancaldi
|
0-0: SINGLE (Flyball, 3D, EV 88.1 MPH) Brock Darby to third
|
Batting: SHB Jim Chute
|
0-0: Called Strike Lionello Pancaldi is caught stealing 2nd base 2-4 0-1: Ball 1-1: Fly out, F8 (Line Drive, 8LM, EV 96.9 MPH)
|
Bottom of the 3rd over - 0 runs, 2 hits, 0 errors, 1 left on base; University of Maine 0 - Oregon State University 1 |
TOP OF THE 4TH |
University of Maine Black Bears batting - Pitching for Oregon State University Beavers : RHP Wang-fen Ang
|
Batting: LHB Dave Aguilar
|
0-0: Ball 1-0: SINGLE (Flyball, 78S, EV 88.1 MPH)
|
Batting: LHB Seung Pack
|
0-0: Ball 1-0: Called Strike 1-1: Called Strike 1-2: Strikes out swinging
|
Batting: RHB Wang-fen Yang
|
0-0: SINGLE (Line Drive, 34D, EV 98.1 MPH) Dave Aguilar to second Runner from 2nd tries for 3rd, OUT! 9-5
|
Batting: SHB Mario Barajas
|
0-0: Foul Ball, location: 2F 0-1: Fielders Choice at 2nd, 6-4 (Groundball, 6MD, EV 99.4 MPH)
|
Top of the 4th over - 0 runs, 2 hits, 0 errors, 1 left on base; University of Maine 0 - Oregon State University 1 |
BOTTOM OF THE 4TH |
Oregon State University Beavers batting - Pitching for University of Maine Black Bears : LHP Simone Richelmi
|
Batting: RHB Luis Flores
|
0-0: Fly out, F9 (Flyball, 9LS, EV 85.0 MPH)
|
Batting: RHB Rafael Ventura
|
0-0: Ball 1-0: SOLO HOME RUN (Flyball, 78XD, EV 102.5 MPH), Distance : 418 ft
|
Batting: LHB Jon Hamilton
|
0-0: Foul Ball, location: 2F 0-1: Swinging Strike 0-2: Ground out 6-3 (Groundball, 6, EV 86.9 MPH)
|
Batting: RHB Israel Soto
|
0-0: SINGLE (Flyball, 9LS, EV 98.1 MPH)
|
Batting: LHB Pablo Fraga
|
0-0: Fly out, F7 (Flyball, 78S, EV 91.2 MPH)
|
Bottom of the 4th over - 1 run, 2 hits, 0 errors, 1 left on base; University of Maine 0 - Oregon State University 2 |
TOP OF THE 5TH |
University of Maine Black Bears batting - Pitching for Oregon State University Beavers : RHP Wang-fen Ang
|
Batting: LHB Osmo Leino
|
0-0: Foul Ball, location: 2F 0-1: Ball 1-1: Foul Ball, location: 2F 1-2: Ball 2-2: Foul Ball, location: 2F 2-2: Foul Ball, location: 2F 2-2: Foul Ball, location: 2F 2-2: Ball 3-2: Fly out, F8 (Flyball, 8LD, EV 93.1 MPH)
|
Batting: LHB Ed Leighton
|
0-0: Foul Ball, location: 2F 0-1: Foul Ball, location: 2F 0-2: Strikes out looking
|
Batting: RHB Tom Piersma
|
0-0: Called Strike 0-1: Foul Ball, location: 2F 0-2: Strikes out looking
|
Top of the 5th over - 0 runs, 0 hits, 0 errors, 0 left on base; University of Maine 0 - Oregon State University 2 |
BOTTOM OF THE 5TH |
Oregon State University Beavers batting - Pitching for University of Maine Black Bears : LHP Simone Richelmi
|
Batting: LHB Brock Darby
|
0-0: Fly out, F9 (Flyball, 9S, EV 85.6 MPH)
|
Batting: SHB Sosaia Apelahama
|
0-0: Called Strike 0-1: Ball 1-1: Swinging Strike 1-2: Strikes out swinging
|
Batting: RHB Lionello Pancaldi
|
0-0: Called Strike 0-1: Swinging Strike 0-2: Strikes out swinging
|
Bottom of the 5th over - 0 runs, 0 hits, 0 errors, 0 left on base; University of Maine 0 - Oregon State University 2 |
TOP OF THE 6TH |
University of Maine Black Bears batting - Pitching for Oregon State University Beavers : RHP Wang-fen Ang
|
Batting: SHB Ron Handford
|
0-0: Swinging Strike 0-1: Ball 1-1: Foul Ball, location: 2F 1-2: Strikes out swinging, 2-3 out at first.
|
Batting: RHB Wang Huan
|
0-0: Foul Ball, location: 2F 0-1: Ball 1-1: Ball 2-1: Ground out 5-3 (Groundball, 56, EV 100.0 MPH)
|
Batting: LHB Dave Aguilar
|
0-0: Called Strike 0-1: Swinging Strike 0-2: Ball 1-2: Ball 2-2: SINGLE (Groundball, 4M, EV 98.8 MPH) (infield hit)
|
Batting: LHB Seung Pack
|
0-0: Swinging Strike 0-1: Called Strike 0-2: Strikes out swinging
|
Top of the 6th over - 0 runs, 1 hit, 0 errors, 1 left on base; University of Maine 0 - Oregon State University 2 |
BOTTOM OF THE 6TH |
Oregon State University Beavers batting - Pitching for University of Maine Black Bears : LHP Simone Richelmi
|
Batting: SHB Jim Chute
|
0-0: Ball 1-0: Ground out 6-3 (Groundball, 6, EV 91.2 MPH)
|
Batting: RHB Luis Flores
|
0-0: Ball 1-0: Called Strike 1-1: Fly out, F9 (Flyball, 9LS, EV 83.8 MPH)
|
Batting: RHB Rafael Ventura
|
0-0: Foul Ball, location: 2F 0-1: Ball 1-1: Ball 2-1: Foul Ball, location: 2F 2-2: Strikes out swinging
|
Bottom of the 6th over - 0 runs, 0 hits, 0 errors, 0 left on base; University of Maine 0 - Oregon State University 2 |
TOP OF THE 7TH |
University of Maine Black Bears batting - Pitching for Oregon State University Beavers : RHP Wang-fen Ang
|
Batting: RHB Wang-fen Yang
|
0-0: Ground out 1-3 (Groundball, P, EV 69.4 MPH)
|
Batting: SHB Mario Barajas
|
0-0: Ball 1-0: Called Strike 1-1: Ball 2-1: DOUBLE (Flyball, 78D, EV 97.5 MPH)
|
Batting: LHB Osmo Leino
|
0-0: Foul Ball, location: 2F 0-1: Swinging Strike 0-2: Ball 1-2: Strikes out looking
|
Batting: LHB Ed Leighton
|
0-0: Called Strike 0-1: Ball 1-1: Called Strike 1-2: Ball 2-2: Foul Ball, location: 2F 2-2: Ball 3-2: Strikes out swinging
|
Top of the 7th over - 0 runs, 1 hit, 0 errors, 1 left on base; University of Maine 0 - Oregon State University 2 |
BOTTOM OF THE 7TH |
Oregon State University Beavers batting - Pitching for University of Maine Black Bears : LHP Simone Richelmi
|
Batting: LHB Jon Hamilton
|
0-0: Ball 1-0: Ball 2-0: Ball 3-0: Called Strike 3-1: Called Strike 3-2: Strikes out looking
|
Batting: RHB Israel Soto
|
0-0: Ball 1-0: Foul Ball, location: 2F 1-1: Ball 2-1: Called Strike 2-2: Ball 3-2: Ground out 5-3 (Groundball, 56, EV 98.8 MPH)
|
Batting: LHB Pablo Fraga
|
0-0: Foul Ball, location: 2F 0-1: Ball 1-1: Swinging Strike 1-2: Strikes out looking
|
Bottom of the 7th over - 0 runs, 0 hits, 0 errors, 0 left on base; University of Maine 0 - Oregon State University 2 |
TOP OF THE 8TH |
University of Maine Black Bears batting - Pitching for Oregon State University Beavers : RHP Wang-fen Ang
|
Pitching: RHP Sun-dong Pak
|
|
Batting: RHB Tom Piersma
|
0-0: Called Strike 0-1: Ball 1-1: Ball 2-1: Swinging Strike 2-2: Strikes out swinging
|
Batting: SHB Ron Handford
|
0-0: Ball 1-0: Ground out U3 (Groundball, 34, EV 100.6 MPH)
|
Batting: RHB Wang Huan
|
0-0: Foul Ball, location: 2F 0-1: Ball 1-1: Foul Ball, location: 2F 1-2: Fly out, F9 (Line Drive, 9, EV 93.8 MPH)
|
Top of the 8th over - 0 runs, 0 hits, 0 errors, 0 left on base; University of Maine 0 - Oregon State University 2 |
BOTTOM OF THE 8TH |
Oregon State University Beavers batting - Pitching for University of Maine Black Bears : LHP Simone Richelmi
|
Pitching: RHP Ik-jun Jahng
|
|
Batting: LHB Brock Darby
|
0-0: Ball 1-0: Ball 2-0: Ball 3-0: Base on Balls
|
Batting: SHB Sosaia Apelahama
|
0-0: Bunt missed! 0-1: Bunt missed! 0-2: Grounds into double play, 6-4-3 (Groundball, 6M, EV 105.6 MPH)
|
Batting: RHB Lionello Pancaldi
|
0-0: Ball 1-0: Swinging Strike 1-1: Called Strike 1-2: Foul Ball, location: 2F 1-2: Strikes out swinging
|
Bottom of the 8th over - 0 runs, 0 hits, 0 errors, 0 left on base; University of Maine 0 - Oregon State University 2 |
TOP OF THE 9TH |
University of Maine Black Bears batting - Pitching for Oregon State University Beavers : RHP Sun-dong Pak
|
Pitching: RHP Chris West
|
|
Now at 1B: Kyle McCunn
|
|
Batting: LHB Dave Aguilar
|
0-0: Called Strike 0-1: Called Strike 0-2: Ball 1-2: Ball 2-2: Foul Ball, location: 2F 2-2: Ball 3-2: Foul Ball, location: 2F 3-2: Base on Balls
|
Batting: LHB Seung Pack
|
0-0: Ball 1-0: Ball 2-0: Fielders Choice at 2nd, 4-6 (Groundball, 4, EV 81.9 MPH)
|
Pinch Hitting: LHB John Bergeron
|
0-0: Called Strike 0-1: Called Strike 0-2: Strikes out swinging
|
Batting: SHB Mario Barajas
|
0-0: SINGLE (Flyball, 78S, EV 93.8 MPH) Seung Pack to second
|
Batting: LHB Osmo Leino
|
0-0: Ball 1-0: Called Strike 1-1: Foul Ball, location: 2F 1-2: Ball 2-2: Foul Ball, location: 2F 2-2: Strikes out swinging
|
Top of the 9th over - 0 runs, 1 hit, 0 errors, 2 left on base; University of Maine 0 - Oregon State University 2 |
|